 Dungeon Crawl Stone Soup version 0.28.0-53-g5a82cb258f (webtiles) character file.

Game seed: 13603530601107827921

317 Peloso the Slasher (level 6, -7/55 HPs)
             Began as a Minotaur Fighter on June 1, 2022.
             Killed by divine providence
             ... invoked by an orc priest
              (15 damage)
             ... on level 4 of the Dungeon.
             The game lasted 00:03:48 (2352 turns).

Peloso the Slasher (Minotaur Fighter)               Turns: 2352, Time: 00:03:49

Health: -7/55      AC: 16    Str: 20    XL:     6   Next: 20%
Magic:  5/5        EV:  6    Int:  5    God:
Gold:   219        SH:  5    Dex: 12    Spells: 5/5 levels left

rFire   . . .      SeeInvis .   a - +0 long sword
rCold   . . .      Faith    .   c - +0 buckler
rNeg    . . .      Spirit   .   h - +0 plate armour
rPois   .          Reflect  .   (helmet restricted)
rElec   .          Harm     .   (no cloak)
rCorr   .          Rampage  .   (no gloves)
Will    .....                   (no boots)
Stlth   ..........              (no amulet)
HPRegen 0.18/turn               i - +4 ring of protection
MPRegen 0.09/turn               (no ring)

@: no status effects
A: horns 2, retaliatory headbutt
a: no special abilities


You were on level 4 of the Dungeon.
You visited 1 branch of the dungeon, and saw 4 of its levels.

You collected 219 gold pieces.

Inventory:

Hand Weapons
 a - a +0 long sword (weapon)
Armour
 b - a +0 scale mail
 c - a +0 buckler (worn)
 h - a +0 plate armour (worn)
Jewellery
 g - a +6 ring of intelligence
 i - a +4 ring of protection (left hand)
Scrolls
 e - a scroll of brand weapon
 j - 2 scrolls of amnesia
 l - a scroll of immolation
Potions
 d - a potion of might
 f - a potion of lignification {unknown}
 m - a potion of berserk rage {unknown}


   Skills:
 + Level 4.9 Fighting
 + Level 5.3 Long Blades
 + Level 5.1 Armour
 + Level 0.6 Dodging
 + Level 4.6 Shields


You had 5 spell levels left.
You didn't know any spells.
Your spell library contained the following spells:

 Spells                   Type           Power      Damage    Failure   Level
 Shock                    Conj/Air       0%         1d3       100%        1
 Ensorcelled Hibernation  Hex/Ice        0%         N/A       100%        2
 Spider Form              Tmut/Pois      0%         N/A       100%        3
 Swiftness                Air            0%         N/A       100%        3
 Airstrike                Air            0%         N/A       100%        4
 Anguish                  Hex/Necr       0%         N/A       100%        4


Dungeon Overview and Level Annotations

Branches:
Dungeon (4/15)
 Temple: D:4-7

Altars:


Innate Abilities, Weirdness & Mutations

You have a pair of horns on your head.
You reflexively headbutt those who attack you in melee.


Message History

The orc priest is almost dead.
You block the adder's attack.
The orc priest hits you but does no damage.
The orc wizard mumbles some strange words.
The orc wizard flickers and vanishes!
The goblin hits you with a +0 club. The adder bites you but does no damage.
The orc priest calls down the wrath of Beogh upon you.
Beogh smites you! Something hits you.
You hear some strange, mumbled words.
Something tries to affect you, but you resist.
The goblin hits you with a +0 club.
The orc priest hits you but does no damage.
The orc throws a boomerang.
The orc priest hits you but does no damage.
You barely miss the orc priest.
The orc priest is almost dead.
The adder bites you but does no damage. Something hits you but does no damage.
Something hits you. The goblin closely misses you. You furiously retaliate!
You headbutt the goblin, but do no damage.
The orc priest hits you but does no damage.
The orc throws a boomerang.
The boomerang hits you but does no damage.
The orc priest invokes the aid of Beogh against you.
Pain shoots through your body!
* * * LOW HITPOINT WARNING * * *
You block the adder's attack.
Something hits you but does no damage. x2
The goblin hits you but does no damage.
Found 8 gold pieces and a sedimented blue potion.
The orc priest looks braver for a moment.
Something hits you.
* * * LOW HITPOINT WARNING * * *
Something hits you but does no damage. The adder bites you but does no damage.
The orc hits you but does no damage.
An orc priest comes into view. It is wielding a +0 hand axe.
The orc priest shouts!
The orc priest mumbles some strange prayers to Beogh against you.
Beogh smites you!
You die...

################# #
................# #
................##
# ........ooS@..!.#
#
.$........o........
#
####...g####......
# +....+ ......
##########....#
...##
............[.+
.....
#''###........#
....
.....#............
o...
#..#.#....##......


You could see 3 orc priests, an adder, an orc and a goblin.

Vanquished Creatures
  Grinder (D:4)
  Robin (D:4)
  A gnoll (D:1)
  5 adders
  An adder skeleton (D:4)
  A worm (D:2)
  A dart slug (D:3)
  7 bats
  2 endoplasms
  2 giant cockroaches (D:1)
  15 goblins
  5 hobgoblins
  2 kobolds
  3 quokkas
  3 ball pythons
  3 frilled lizards
  A rat (D:2)
54 creatures vanquished.

Notes
Turn   | Place    | Note
-------+----------+-------------------------------------------
     0 | D:1      | Peloso the Minotaur Fighter began the quest for the Orb.
     0 | D:1      | Reached XP level 1. HP: 19/19 MP: 0/0
   153 | D:1      | Found a faded altar of an unknown god.
   181 | D:1      | Reached XP level 2. HP: 21/27 MP: 1/1
   585 | D:2      | Reached XP level 3. HP: 17/33 MP: 2/2
  1041 | D:2      | Reached XP level 4. HP: 40/41 MP: 3/3
  1813 | D:4      | Noticed Grinder
  1827 | D:4      | Paralysed by Grinder for 5 turns
  1839 | D:4      | Killed Grinder
  1840 | D:4      | Reached skill level 5 in Long Blades
  1840 | D:4      | Reached skill level 5 in Armour
  1840 | D:4      | Reached XP level 5. HP: 27/47 MP: 4/4
  1840 | D:4      | Reached XP level 6. HP: 31/55 MP: 5/5
  1844 | D:4      | Noticed Robin
  2174 | D:4      | Killed Robin
  2352 | D:4      | Killed from afar by an orc priest

Illustrated notes

Levels and vault maps discovered:
D:1:      wander_arrival_estate, layout_rooms, dreamdust_ecumenical_altar_grove
D:2:      layout_rooms
D:3:      layout_loops_cross
D:4:      layout_basic, kennysheep_generic_room_15, uniq_grinder, uniq_robin

Skill      XL: |  1  2  3  4 |
---------------+-------------+-----
Armour         | 4 5 |  5.1
Shields        | 4 |  4.6
Fighting       | 4 |  4.9
Long Blades    | 3 5 |  5.3
Dodging        | |  0.6

Action                   |  1- 3 |  4- 6 || total
-------------------------+-------+-------++-------
Melee: Long sword        |    78 |    60 ||   138
       Headbutt          |     9 |     7 ||    16
  Use: Scroll            |     3 |     1 ||     4
       Potion            |     1 |       ||     1
Armor: Plate armour      |    53 |    77 ||   130
       Scale mail        |     6 |       ||     6
Dodge: Dodged            |    29 |    25 ||    54
Block: Buckler           |    22 |    24 ||    46
